| TOP OF THE 1ST |
|
Clearwater Threshers batting - Pitching for Fort Myers Miracles : LHP Dave Jensen
|
|
Pitching: LHP Dave Jensen
|
|
|
Batting: RHB Charles Jennings
|
0-0: Called Strike 0-1: Ball 1-1: Ball 2-1: Ball 3-1: Base on Balls
|
|
Batting: RHB Vincent Beringhele
|
0-0: Called Strike 0-1: SINGLE (Groundball, 56D, EV 95.6 MPH) Charles Jennings to second
|
|
Batting: RHB Roy Wolfe
|
0-0: Fly out, F8 (Flyball, 8RXD, EV 75.6 MPH) Runner from 2nd tags up, SAFE at 3rd, no throw by CF
|
|
Batting: RHB Ralph Antone
|
0-0: Ball 1-0: Fly out, F8 (Line Drive, 8LD, EV 102.5 MPH)
|
|
Batting: RHB Rico Sutton
|
0-0: Ball 1-0: Called Strike 1-1: Called Strike 1-2: Ball 2-2: Ball 3-2: Foul Ball, location: 2F 3-2: SINGLE (Groundball, 3D, EV 99.4 MPH) Charles Jennings scores Vincent Beringhele to second Vincent Beringhele to third
|
|
Batting: RHB John Smith
|
0-0: Ball 1-0: Swinging Strike 1-1: Ball 2-1: Called Strike 2-2: Foul Ball, location: 2F 2-2: Ball 3-2: Base on Balls Rico Sutton to second
|
|
Batting: RHB Pete Piskol
|
0-0: Foul Ball, location: 2F 0-1: Called Strike 0-2: Ball Wild Pitch! Vincent Beringhele scores Rico Sutton to third John Smith to second 1-2: Foul Ball, location: 2F 1-2: Ball 2-2: DOUBLE (Line Drive, 89D, EV 112.5 MPH) Rico Sutton scores John Smith scores
|
|
Batting: LHB Tom Jones
|
0-0: Called Strike 0-1: Ball 1-1: Foul Ball, location: 2F 1-2: Strikes out swinging
|
| Top of the 1st over - 4 runs, 3 hits, 0 errors, 1 left on base; Clearwater 4 - Fort Myers 0 |
| BOTTOM OF THE 1ST |
|
Fort Myers Miracles batting - Pitching for Clearwater Threshers : LHP Natale Beltrametti
|
|
Pitching: LHP Natale Beltrametti
|
|
|
Batting: SHB Ronnie Chapman
|
0-0: Ball 1-0: Ground out 6-3 (Groundball, 6, EV 86.3 MPH)
|
|
Batting: RHB T.J. Stout
|
0-0: Foul Ball, location: 2F 0-1: Swinging Strike 0-2: Ball 1-2: Ball 2-2: Ball 3-2: SINGLE (Groundball, 34D, EV 104.4 MPH)
|
|
Batting: RHB Bobby Hinson
|
0-0: Called Strike 0-1: Ball Wild Pitch! T.J. Stout to second 1-1: Ground out 5-3 (Groundball, 5D, EV 98.8 MPH)
|
|
Batting: RHB Galtero Gioacchini
|
0-0: Called Strike 0-1: Ball 1-1: Ground out 4-3 (Groundball, 4, EV 83.8 MPH)
|
| Bottom of the 1st over - 0 runs, 1 hit, 0 errors, 1 left on base; Clearwater 4 - Fort Myers 0 |
| TOP OF THE 2ND |
|
Clearwater Threshers batting - Pitching for Fort Myers Miracles : LHP Dave Jensen
|
|
Batting: RHB Pedro Hernandez
|
0-0: Called Strike 0-1: Ball 1-1: Ball 2-1: Ball 3-1: Called Strike 3-2: Fly out, F5 (Line Drive, 5, EV 66.9 MPH)
|
|
Batting: RHB Charles Jennings
|
0-0: Called Strike 0-1: Ball 1-1: Foul Ball, location: 2F 1-2: Strikes out swinging, 2-3 out at first.
|
|
Batting: RHB Vincent Beringhele
|
0-0: Called Strike 0-1: Ball 1-1: Fly out, F9 (Line Drive, 9, EV 90.0 MPH)
|
| Top of the 2nd over - 0 runs, 0 hits, 0 errors, 0 left on base; Clearwater 4 - Fort Myers 0 |
| BOTTOM OF THE 2ND |
|
Fort Myers Miracles batting - Pitching for Clearwater Threshers : LHP Natale Beltrametti
|
|
Batting: RHB Michael Saccocio
|
0-0: Foul Ball, location: 2F 0-1: Swinging Strike 0-2: Fly out, F4 (Line Drive, 4, EV 67.5 MPH)
|
|
Batting: LHB Rodney Hodde
|
0-0: Ball 1-0: Ball 2-0: Ball 3-0: Base on Balls
|
|
Batting: LHB Stacey Pettis
|
0-0: Ball Rodney Hodde steals 2nd base 1-0: Ball 2-0: Fly out, F8 (Flyball, 8LS, EV 90.0 MPH)
|
|
Batting: LHB Abraham Becerra
|
0-0: Called Strike 0-1: Ball 1-1: Foul Ball, location: 2F 1-2: Foul Ball, location: 2F 1-2: Strikes out swinging
|
| Bottom of the 2nd over - 0 runs, 0 hits, 0 errors, 1 left on base; Clearwater 4 - Fort Myers 0 |
| TOP OF THE 3RD |
|
Clearwater Threshers batting - Pitching for Fort Myers Miracles : LHP Dave Jensen
|
|
Batting: RHB Roy Wolfe
|
0-0: Called Strike 0-1: Ball 1-1: Ground out 6-3 (Groundball, 6, EV 85.0 MPH)
|
|
Batting: RHB Ralph Antone
|
0-0: Called Strike 0-1: Fly out, F7 (Flyball, 7D, EV 93.8 MPH)
|
|
Batting: RHB Rico Sutton
|
0-0: Called Strike 0-1: Ball 1-1: Ball 2-1: Called Strike 2-2: Strikes out looking
|
| Top of the 3rd over - 0 runs, 0 hits, 0 errors, 0 left on base; Clearwater 4 - Fort Myers 0 |
| BOTTOM OF THE 3RD |
|
Fort Myers Miracles batting - Pitching for Clearwater Threshers : LHP Natale Beltrametti
|
|
Batting: RHB Rico Escobar
|
0-0: Ball 1-0: Swinging Strike 1-1: Foul Ball, location: 2F 1-2: Strikes out swinging
|
|
Batting: SHB Ronnie Chapman
|
0-0: Ball 1-0: Ball 2-0: Swinging Strike 2-1: DOUBLE (Flyball, 89XD, EV 113.1 MPH)
|
|
Batting: RHB T.J. Stout
|
0-0: Ball 1-0: Ground out U3 (Groundball, 34, EV 104.4 MPH) Ronnie Chapman to third
|
|
Batting: RHB Bobby Hinson
|
0-0: Ball 1-0: Fly out, F7 (Flyball, 7LS, EV 90.0 MPH)
|
| Bottom of the 3rd over - 0 runs, 1 hit, 0 errors, 1 left on base; Clearwater 4 - Fort Myers 0 |
| TOP OF THE 4TH |
|
Clearwater Threshers batting - Pitching for Fort Myers Miracles : LHP Dave Jensen
|
|
Batting: RHB John Smith
|
0-0: Ground out 6-3 (Groundball, 6, EV 76.9 MPH)
|
|
Batting: RHB Pete Piskol
|
0-0: Ball 1-0: Ball 2-0: Ball 3-0: Called Strike 3-1: Base on Balls
|
|
Batting: LHB Tom Jones
|
0-0: Foul Ball, location: 2F 0-1: Ball 1-1: Ball 2-1: Foul Ball, location: 2F 2-2: Grounds into double play, 4-6-3 (Groundball, 34, EV 103.1 MPH)
|
| Top of the 4th over - 0 runs, 0 hits, 0 errors, 0 left on base; Clearwater 4 - Fort Myers 0 |
| BOTTOM OF THE 4TH |
|
Fort Myers Miracles batting - Pitching for Clearwater Threshers : LHP Natale Beltrametti
|
|
Batting: RHB Galtero Gioacchini
|
0-0: Called Strike 0-1: Ground out 3-1 (Groundball, 34, EV 106.3 MPH)
|
|
Batting: RHB Michael Saccocio
|
0-0: Ball 1-0: Ball 2-0: Ground out 4-3 (Groundball, 4M, EV 106.9 MPH)
|
|
Batting: LHB Rodney Hodde
|
0-0: Called Strike 0-1: Called Strike 0-2: Ball 1-2: SINGLE (Line Drive, 78S, EV 101.9 MPH)
|
|
Batting: LHB Stacey Pettis
|
0-0: Called Strike 0-1: Called Strike 0-2: SINGLE (Line Drive, 78M, EV 102.5 MPH) Rodney Hodde to second
|
|
Batting: LHB Abraham Becerra
|
0-0: Called Strike 0-1: Ball 1-1: Fielders Choice at 2nd, 6-4 (Groundball, 6, EV 83.8 MPH)
|
| Bottom of the 4th over - 0 runs, 2 hits, 0 errors, 2 left on base; Clearwater 4 - Fort Myers 0 |
| TOP OF THE 5TH |
|
Clearwater Threshers batting - Pitching for Fort Myers Miracles : LHP Dave Jensen
|
|
Batting: RHB Pedro Hernandez
|
0-0: Ball 1-0: Reached on error, E4 (Line Drive, 4, EV 75.0 MPH)
|
|
Batting: RHB Charles Jennings
|
0-0: Bunt missed! 0-1: Bunt missed! 0-2: Ball 1-2: Fly out, F8 (Flyball, 8LD, EV 99.4 MPH)
|
|
Batting: RHB Vincent Beringhele
|
0-0: DOUBLE (Line Drive, 9LM, EV 108.1 MPH) Pedro Hernandez to third Runner from 3rd tries for Home, SAFE, no throw by RF
|
|
Batting: RHB Roy Wolfe
|
0-0: Ball 1-0: Called Strike 1-1: 2-RUN HOME RUN (Flyball, 9D, EV 87.5 MPH), Distance : 380 ft
|
|
Pitching: LHP Tony Ybarra
|
|
|
Batting: RHB Ralph Antone
|
0-0: Called Strike 0-1: Ball 1-1: Foul Ball, location: 2F 1-2: Ball 2-2: Ground out 6-3 (Groundball, 6, EV 99.4 MPH)
|
|
Batting: RHB Rico Sutton
|
0-0: Called Strike 0-1: Ball 1-1: Ground out 4-3 (Groundball, 4, EV 100.0 MPH)
|
| Top of the 5th over - 3 runs, 2 hits, 1 error, 0 left on base; Clearwater 7 - Fort Myers 0 |
| BOTTOM OF THE 5TH |
|
Fort Myers Miracles batting - Pitching for Clearwater Threshers : LHP Natale Beltrametti
|
|
Batting: RHB Rico Escobar
|
0-0: Ball 1-0: Called Strike 1-1: Ground out 6-3 (Groundball, 6, EV 87.5 MPH)
|
|
Batting: SHB Ronnie Chapman
|
0-0: Ball 1-0: Foul Ball, location: 2F 1-1: Fly out, F9 (Line Drive, 9, EV 91.3 MPH)
|
|
Batting: RHB T.J. Stout
|
0-0: Ball 1-0: Ball 2-0: Called Strike 2-1: Ball 3-1: Base on Balls
|
|
Batting: RHB Bobby Hinson
|
0-0: Ball 1-0: Called Strike 1-1: Ball 2-1: Called Strike 2-2: Ball 3-2: Foul Ball, location: 2F 3-2: Ground out 5-3 (Groundball, 56S, EV 88.1 MPH)
|
| Bottom of the 5th over - 0 runs, 0 hits, 0 errors, 1 left on base; Clearwater 7 - Fort Myers 0 |
| TOP OF THE 6TH |
|
Clearwater Threshers batting - Pitching for Fort Myers Miracles : LHP Tony Ybarra
|
|
Batting: RHB John Smith
|
0-0: Called Strike 0-1: Ball 1-1: Ball 2-1: Foul Ball, location: 2F 2-2: Ball 3-2: Foul Ball, location: 2F 3-2: Base on Balls
|
|
Batting: RHB Pete Piskol
|
0-0: Ball 1-0: Ball 2-0: Ball 3-0: Base on Balls John Smith to second
|
|
Batting: LHB Tom Jones
|
0-0: Ball 1-0: Swinging Strike 1-1: Ball 2-1: Called Strike 2-2: Ball 3-2: Strikes out swinging
|
|
Batting: RHB Pedro Hernandez
|
0-0: Called Strike 0-1: Ball 1-1: Swinging Strike 1-2: Strikes out swinging
|
|
Batting: RHB Charles Jennings
|
0-0: Ball 1-0: Ball 2-0: Ball 3-0: Base on Balls John Smith to third Pete Piskol to second
|
|
Batting: RHB Vincent Beringhele
|
0-0: Called Strike 0-1: Ball 1-1: Ball 2-1: Fly out, F6 (Popup, 5D, EV 45.6 MPH)
|
| Top of the 6th over - 0 runs, 0 hits, 0 errors, 3 left on base; Clearwater 7 - Fort Myers 0 |
| BOTTOM OF THE 6TH |
|
Fort Myers Miracles batting - Pitching for Clearwater Threshers : LHP Natale Beltrametti
|
|
Batting: RHB Galtero Gioacchini
|
0-0: Foul Ball, location: 2F 0-1: Fly out, F3 (Popup, 3D, EV 71.3 MPH)
|
|
Batting: RHB Michael Saccocio
|
0-0: SINGLE (Groundball, 6S, EV 68.1 MPH) (infield hit)
|
|
Batting: LHB Rodney Hodde
|
0-0: Ball 1-0: SINGLE (Groundball, 6S, EV 69.4 MPH) (infield hit) Michael Saccocio to second
|
|
Batting: LHB Stacey Pettis
|
0-0: Foul Ball, location: 2F 0-1: Fly out, F6 (Flyball, 56D, EV 91.9 MPH)
|
|
Batting: LHB Abraham Becerra
|
0-0: Ball 1-0: Foul Ball, location: 2F 1-1: Foul Ball, location: 2F 1-2: Strikes out swinging
|
| Bottom of the 6th over - 0 runs, 2 hits, 0 errors, 2 left on base; Clearwater 7 - Fort Myers 0 |
| TOP OF THE 7TH |
|
Clearwater Threshers batting - Pitching for Fort Myers Miracles : LHP Tony Ybarra
|
|
Batting: RHB Roy Wolfe
|
0-0: Ball 1-0: Ball 2-0: Foul Ball, location: 2F 2-1: Foul Ball, location: 2F 2-2: Ball 3-2: Base on Balls
|
|
Batting: RHB Ralph Antone
|
0-0: Foul Ball, location: 2F 0-1: Ball 1-1: Ball 2-1: Fly out, F8 (Flyball, 8RD, EV 93.1 MPH)
|
|
Pinch Hitting: RHB Bill Dierberger
|
0-0: Called Strike 0-1: Swinging Strike 0-2: Strikes out swinging
|
|
Batting: RHB John Smith
|
0-0: Ball 1-0: Ball 2-0: Ball 3-0: Called Strike 3-1: Base on Balls Roy Wolfe to second
|
|
Batting: RHB Pete Piskol
|
0-0: Ground out 4-3 (Groundball, 4S, EV 83.8 MPH)
|
| Top of the 7th over - 0 runs, 0 hits, 0 errors, 2 left on base; Clearwater 7 - Fort Myers 0 |
| BOTTOM OF THE 7TH |
|
Fort Myers Miracles batting - Pitching for Clearwater Threshers : LHP Natale Beltrametti
|
|
Now in RF: Drungo Hazewood
|
|
|
Pinch Hitting: LHB David Pagel
|
0-0: Ball 1-0: Ball 2-0: Called Strike 2-1: Swinging Strike 2-2: Strikes out swinging
|
|
Batting: SHB Ronnie Chapman
|
0-0: Ground out 6-3 (Groundball, 6, EV 79.4 MPH)
|
|
Pinch Hitting: SHB Anthony Long
|
0-0: Ball 1-0: Ground out 5-3 (Groundball, 5, EV 88.8 MPH)
|
| Bottom of the 7th over - 0 runs, 0 hits, 0 errors, 0 left on base; Clearwater 7 - Fort Myers 0 |
| TOP OF THE 8TH |
|
Clearwater Threshers batting - Pitching for Fort Myers Miracles : LHP Tony Ybarra
|
|
Now at SS: David Pagel
|
|
|
Now in RF: Jeff Wagner
|
|
|
Batting: LHB Tom Jones
|
0-0: Ball 1-0: Swinging Strike 1-1: Swinging Strike 1-2: Strikes out swinging
|
|
Batting: RHB Pedro Hernandez
|
0-0: Ball 1-0: Fly out, F7 (Flyball, 78M, EV 89.4 MPH)
|
|
Batting: RHB Charles Jennings
|
0-0: Called Strike 0-1: Ball 1-1: Foul Ball, location: 2F 1-2: Ball 2-2: SINGLE (Groundball, 56S, EV 69.4 MPH) (infield hit)
|
|
Batting: RHB Vincent Beringhele
|
0-0: Called Strike 0-1: Swinging Strike 0-2: Foul Ball, location: 2F 0-2: Foul Ball, location: 2F 0-2: Strikes out swinging
|
| Top of the 8th over - 0 runs, 1 hit, 0 errors, 1 left on base; Clearwater 7 - Fort Myers 0 |
| BOTTOM OF THE 8TH |
|
Fort Myers Miracles batting - Pitching for Clearwater Threshers : LHP Natale Beltrametti
|
|
Batting: RHB Bobby Hinson
|
0-0: Called Strike 0-1: Ball 1-1: Foul Ball, location: 2F 1-2: Ball 2-2: Ball 3-2: Fly out, F3 (Popup, 23F, EV 80.6 MPH)
|
|
Pinch Hitting: RHB Edgardo Serrano
|
0-0: Called Strike 0-1: Ball 1-1: Ground out 6-3 (Groundball, 6, EV 96.3 MPH)
|
|
Pinch Hitting: RHB David Morris
|
0-0: Called Strike 0-1: Ball 1-1: Foul Ball, location: 2F 1-2: Fly out, F9 (Flyball, 9LD, EV 95.0 MPH)
|
| Bottom of the 8th over - 0 runs, 0 hits, 0 errors, 0 left on base; Clearwater 7 - Fort Myers 0 |
| TOP OF THE 9TH |
|
Clearwater Threshers batting - Pitching for Fort Myers Miracles : LHP Tony Ybarra
|
|
Now at 2B: Edgardo Serrano
|
|
|
Now in LF: David Morris
|
|
|
Batting: RHB Roy Wolfe
|
0-0: Called Strike 0-1: Fly out, F9 (Flyball, 9D, EV 106.3 MPH)
|
|
Pinch Hitting: LHB John Westmoreland
|
0-0: Ball 1-0: SINGLE (Line Drive, 8LS, EV 96.9 MPH)
|
|
Pitching: RHP Roberto Galvez
|
|
|
Batting: RHB Drungo Hazewood
|
0-0: Foul Ball, location: 2F 0-1: Ball 1-1: Foul Ball, location: 2F 1-2: Ball 2-2: Ball 3-2: Fly out, F8 (Flyball, 8RD, EV 85.0 MPH)
|
|
Batting: RHB John Smith
|
0-0: Foul Ball, location: 2F 0-1: Ball 1-1: Foul Ball, location: 2F 1-2: Ball 2-2: Foul Ball, location: 2F 2-2: Foul Ball, location: 2F 2-2: Foul Ball, location: 2F 2-2: Ball 3-2: Foul Ball, location: 2F 3-2: Foul Ball, location: 2F 3-2: Foul Ball, location: 2F 3-2: Fly out, F8 (Flyball, 8LD, EV 84.4 MPH)
|
| Top of the 9th over - 0 runs, 1 hit, 0 errors, 1 left on base; Clearwater 7 - Fort Myers 0 |
| BOTTOM OF THE 9TH |
|
Fort Myers Miracles batting - Pitching for Clearwater Threshers : LHP Natale Beltrametti
|
|
Now at C: John Westmoreland
|
|
|
Batting: LHB Rodney Hodde
|
0-0: Called Strike 0-1: Ball 1-1: Called Strike 1-2: Ball 2-2: Ball 3-2: Fly out, F9 (Line Drive, 9, EV 98.8 MPH)
|
|
Batting: LHB Stacey Pettis
|
0-0: Fly out, F9 (Line Drive, 9D, EV 87.5 MPH)
|
|
Pinch Hitting: RHB Raul Tovar
|
0-0: Swinging Strike 0-1: Ball 1-1: Ground out 6-3 (Groundball, 6, EV 104.4 MPH)
|
| Bottom of the 9th over - 0 runs, 0 hits, 0 errors, 0 left on base; Clearwater 7 - Fort Myers 0 |
|